 Dungeon Crawl Stone Soup version 0.25.0-9-g26727b657a (webtiles) character file.

Game seed: 6961098918156296386

39 sanka the Magician (level 3, -3/24 HPs)
             Began as a Mummy Enchanter on June 21, 2020.
             Slain by Edmund
             ... wielding a +3 flail of protection
              (11 damage)
             ... on level 4 of the Dungeon.
             The game lasted 00:05:05 (1690 turns).

sanka the Magician (Mummy Enchanter)                Turns: 1690, Time: 00:05:05

Health: -3/24      AC:  4    Str: 11    XL:     3   Next: 26%
Magic:  3/7        EV: 12    Int: 14    God:
Gold:   59         SH:  0    Dex: 13    Spells: 5/8 levels left

rFire    . . .     SeeInvis .   a - +1 dagger
rCold    + + .     Gourm    .   (no shield)
rNeg     + + +     Faith    .   j - +0 robe
rPois    ∞         Spirit   .   g - +1 helmet
rElec    .         Reflect  .   c - scarf {rC+ rF+}
rCorr    .         Harm     .   (no gloves)
MR       .....                  (no boots)
Stlth    ++........             (no amulet)
HPRegen  0.08/turn              (no ring)
MPRegen  0.10/turn              (no ring)

@: no status effects
A: no food or potions, fire vulnerability, cold resistance 1, negative energy
resistance 3, torment resistance, unbreathing
a: no special abilities


You were on level 4 of the Dungeon.
You were not hungry.

You visited 1 branch of the dungeon, and saw 3 of its levels.

You collected 59 gold pieces.


Innate Abilities, Weirdness & Mutations

You do not eat or drink.
Your flesh is vulnerable to fire.
You are immune to poison.
Your flesh is cold resistant. (rC+)
You are immune to negative energy. (rN+++)
You are immune to unholy pain and torment.
You can survive without breathing.


   Skills:
 + Level 1.6 Short Blades
 - Level 1.5 Dodging
 + Level 3.0 Stealth
 - Level 3.0 Spellcasting
 - Level 3.0 Hexes


You had 5 spell levels left.
You knew the following spells:

 Your Spells              Type           Power        Failure   Level  Hunger
z - Ensorcelled Hibernat  Hex/Ice        #.....       17%         2    N/A
Z - Corona                Hex            ##.....      6%          1    N/A

Your spell library contained the following spells:

 Spells                   Type           Power        Failure   Level  Hunger
 Confusing Touch          Hex            ##......     19%         3    N/A
 Tukima's Dance           Hex            ##......     19%         3    N/A
 Dazzling Flash           Conj/Hex       #.....       34%         3    N/A

Inventory:

Hand Weapons
 a - a +1 dagger (weapon)
 b - a +0 hunting sling
Missiles
 i - 42 stones (quivered)
Armour
 c - a scarf of resistance (worn)
 g - a +1 helmet (worn)
 h - a +1 ring mail of magic resistance
 j - a +0 robe (worn)
Scrolls
 d - a scroll of enchant armour

Dungeon Overview and Level Annotations

Branches:
Dungeon (2/15)             Temple (0/1) D:4

Altars:

Annotations:
D:4 Edmund

░,▒..........▒▒...▒
░,,,,░░░░░,░
░,▒..........▒▒...▒
░░░,,,,,,,,░
░,▒▒........▒▒▒...▒
░░░░░░░░░░ ░,░▒........▒
▒▒'▒▒ ░░░░░ ░,░▒........▒
▒.▒ ░,,,, ░,░▒........▒ ▒.▒
░░░░░░ ░,,,, ░,░▒........▒
▒.▒ ░,,,,░ ░,,,,
░,░▒▒▒▒▒▒▒▒▒▒ ▒@▒ ░,,,,░
░,,,, ░,░ ▒M▒░░░,,,,░░
░,,,, ░,░ ▒....+,,,,,░
░,,,, ░,░ ▒▒▒▒▒▒,,,,,░
░,,,, ░,░ ░,,,,,░ ░,,,, ░,░
░,,,,,░ ░░░+░ ░,░ ░,,,,,░
░,░ ░,░ ░░░░░,░░░░░,░ ░,░
░,,,,,,,░ ░,░
░░░░░░░░░░░░░░░░░░░░░░░░░░░


You could see Edmund (inner flame).


Message History

The adder looks drowsy...
Edmund clears his throat.
The helpless adder fails to defend itself.
You puncture the adder!
You kill the adder!
Your Stealth skill increases to level 3!
Aiming: Ensorcelled Hibernation (safe; 17% risk of failure)
Aim: Edmund, wielding a +3 flail of protection and wearing a +0 chain mail (moderately wounded, chance to defeat MR: 37%) Edmund easily resists.
Edmund closely misses you.
Edmund says, "I might not be good at magic, but I can still kill you!"
Edmund says, "I'm quite good with sums, too."
You open the door.
Edmund hits you with a +3 flail of protection!
* * * LOW HITPOINT WARNING * * *
There is an open door here.
As you read the scroll labeled USAC XABIL, it crumbles to dust.
It is a scroll of enchant armour.
Your +0 helmet glows green for a moment.
You hear the slow rusting of a very distant drain.
Edmund closely misses you.
As you read the scroll labeled CELOT ECAESSO, it crumbles to dust.
The creatures around you are filled with an inner flame!
It was a scroll of immolation.
As you read the scroll labeled XUIZEA VICEM, it crumbles to dust.
You feel aware of your surroundings.
You sensed 2 altars, and 1 shop/portal.
It was a scroll of magic mapping.
Edmund hits you with a +3 flail of protection!
You die...

Action                   || total
-------------------------++-------
Melee: Dagger            ||    82
 Cast: Corona            ||     7
       Ensorcelled Hiber ||    17
  Use: Scroll            ||     3
 Stab: Sleeping          ||    12
Armor: Robe              ||    18
Dodge: Dodged            ||    61

Levels and vault maps discovered:
D:1:      psy_arrival_radial01, layout_basic
D:2:      layout_rooms, lemuel_coloured_pillars_altar,
          nicolae_overflow_hidden_temple, old_standard_altar, first_ration
D:4:      layout_basic, gammafunk_temple_overflow_elements, temple_green,
          portal_sewer_entry_b, uniq_edmund

Notes
Turn   | Place    | Note
-------+----------+-------------------------------------------
     0 | D:1      | sanka the Mummy Enchanter began the quest for the Orb.
     0 | D:1      | Reached XP level 1. HP: 13/13 MP: 4/4
    93 | D:1      | Identified a scarf of resistance (You found it on level 1
                  | of the Dungeon)
   189 | D:1      | Reached skill level 1 in Short Blades
   207 | D:1      | HP: 1/13 [dart slug (1)]
   208 | D:1      | Reached XP level 2. HP: 1/19 MP: 3/5
   497 | D:1      | Learned a level 2 spell: Ensorcelled Hibernation
   657 | D:1      | Reached skill level 3 in Spellcasting
  1060 | D:1      | Reached skill level 3 in Hexes
  1626 | D:2      | Reached XP level 3. HP: 24/24 MP: 7/7
  1638 | D:4      | Noticed Edmund
  1671 | D:4      | Reached skill level 3 in Stealth
  1690 | D:4      | Slain by Edmund

Vanquished Creatures
  An adder (D:4)
  A dart slug (D:1)
  3 giant cockroaches
  4 goblins
  2 hobgoblins (D:1)
  5 kobolds
  A ball python (D:1)
  5 bats (D:1)
  3 frilled lizards (D:1)
  4 rats (D:1)
29 creatures vanquished.
